 Dungeon Crawl Stone Soup version 0.32-a0-799-g95e1662365 (webtiles) character file.

Game seed: 16412385335769650371

20868 backslashecho the Cleaver (level 12, -5/63 HPs)
             Began as a Gargoyle Fighter on Mar 21, 2024.
             Was a Follower of Ashenzari.
             Slain by a tengu warrior
             ... wielding a +0 great sword
              (14 damage)
             ... on level 11 of the Dungeon on Mar 22, 2024.
             The game lasted 00:44:57 (13668 turns).

backslashecho the Cleaver (Gargoyle Fighter)       Turns: 13668, Time: 00:44:57

Health: -5/63      AC: 34    Str: 26    XL:     12   Next: 84%
Magic:  12/12      EV:  6    Int:  8    God:    Ashenzari [*.....]
Gold:   1168       SH:  6    Dex: 15    Spells: 11/11 levels left

rFire   + . .        a - +0 broad axe
rCold   + + .        c - +0 buckler "Secrets of Ashenzari" {Fort, Sorc} (curse)
rNeg    + + .        x - +2 plate armour {rC+}
rPois   ∞            z - +1 helmet {SInv}
rElec   +            p - +0 cloak
rCorr   .            K - +0 pair of gloves
SInv    +            k - +1 pair of boots "I Knew You'd Do That" {Fly, Elem, Melee} (curse)
Will    .....        d - amulet of the acrobat Stlth
                     t - +6 ring of dexterity
HPRegen 0.30/turn    E - ring of Makhleb's Outrage {rPois rF+ rC+ rN+ SInv}
MPRegen 0.13/turn

%: acrobat
@: flying
A: sickness immunity, AC +8, negative energy resistance 1, electricity
resistance, torment resistance 1, petrification resistance, frail 1
a: Renounce Religion, Shatter the Chains


You were on level 11 of the Dungeon.
You worshipped Ashenzari.
Ashenzari was aware of your devotion.
You visited 2 branches of the dungeon, and saw 12 of its levels.
You also visited: Bailey.

You collected 1207 gold pieces.
You spent 39 gold pieces at shops.

Inventory:

Hand Weapons
 a - a +0 broad axe (weapon)
 b - a +0 hand axe of flaming
Missiles
 w - 39 poisoned darts
 B - a curare-tipped dart (quivered)
 I - a throwing net
Armour
 c - the cursed +0 buckler "Secrets of Ashenzari" (worn) {Fort, Sorc}

   It has a curse which improves the following skills: Fortitude: Armour and
   Shields.
   Sorcery:   Conjurations and Alchemy.
 h - the +0 kite shield of Kyddiogirch {Dex+3}
   (You acquired it on level 9 of the Dungeon)

   Dex+3:     It affects your dexterity (+3).
 k - the cursed +1 pair of boots "I Knew You'd Do That" (worn) {Fly, Elem, Melee}
   (You found it on level 1 of the Dungeon)

   It has a curse which improves the following skills: Elements: Fire Magic, Ice
   Magic, Air Magic and Earth Magic.
   Melee Combat: Short Blades, Long Blades, Axes, Maces & Flails, Polearms,
   Staves and Unarmed Combat.
 p - a +0 cloak (worn)
 x - a +2 plate armour of cold resistance (worn)
 z - a +1 helmet of see invisible (worn)
 K - a +0 pair of gloves (worn)
 L - a +0 ring mail of fire resistance
Jewellery
 d - an amulet of the acrobat (around neck)
 t - a +6 ring of dexterity (left hand)
 E - the ring of Makhleb's Outrage (right hand) {rPois rF+ rC+ rN+ SInv}
   (You found it on level 8 of the Dungeon)

   [ring of positive energy]

   rF+:       It protects you from fire.
   rC+:       It protects you from cold.
   rPois:     It protects you from poison.
   rN+:       It protects you from negative energy.
   SInv:      It lets you see invisible.
Wands
 H - a wand of flame (7)
 M - a wand of acid (4)
Scrolls
 f - 3 scrolls of teleportation
 g - 3 scrolls of amnesia
 i - 3 scrolls of enchant weapon
 l - 2 scrolls of vulnerability
 n - 3 scrolls of immolation
 q - 7 scrolls of fog
 s - 3 scrolls of noise
 F - a scroll of fear
Potions
 e - 4 potions of mutation
 j - 4 potions of curing
 m - 5 potions of lignification
 u - a potion of resistance
 v - a potion of enlightenment
 C - a potion of brilliance
 D - a potion of heal wounds
 J - a potion of invisibility


   Skills:
 - Level 6.0 Fighting
 * Level 13.8(14.6) Axes
 + Level 11.0(11.8) Armour
 - Level 8.7(9.5) Shields
 + Level 6.5 Evocations


You had 11 spell levels left.
You didn't know any spells.
Your spell library contained the following spells:

 Spells                   Type           Power      Damage    Failure   Level
 Kiss of Death            Conj/Necr      0%         2d5       99%         1
 Ensorcelled Hibernation  Hex/Ice        0%         N/A       99%         2
 Jinxbite                 Hex            0%         N/A       99%         2
 Dazzling Flash           Conj/Hex       0%         N/A       100%        3
 Hailstorm                Conj/Ice       0%         3d5       100%        3
 Passwall                 Erth           0%         N/A       100%        3
 Swiftness                Air            0%         N/A       100%        3
 Animate Dead             Necr           0%         N/A       100%        4
 Yara's Violent Unravell  Hex/Alch       0%         3d3       100%        5
 Enfeeble                 Hex            0%         N/A       100%        7
 Haunt                    Necr/Summ      0%         N/A       100%        7
 Spellforged Servitor     Conj/Summ      0%         N/A       100%        7
 Infestation              Necr           0%         N/A       100%        8


Dungeon Overview and Level Annotations

Branches:
Dungeon (11/15)            Temple (1/1) D:5            Lair (0/5) D:10
 Bailey (visited)
    Orc: D:9-12

Altars:
Ashenzari
Cheibriados
Dithmenos
Elyvilon
Fedhas
Gozag
Hepliaklqana
Kikubaaqudgha
Makhleb
Nemelex Xobeh
Okawaru
Qazlal
Ru
Sif Muna
Trog
Uskayaw
Vehumet
Wu Jian
Xom
Yredelemnul
Zin
The Shining One

Shops:
D:1 !   D:5 [

Annotations:
D:3 Sigmund


Innate Abilities, Weirdness & Mutations

You are immune to sickness and miasma.
Your stone body is resilient. (AC +8)
You are immune to poison.
You resist negative energy. (rN+)
You are resistant to electric shocks. (rElec)
You are resistant to unholy torment.
You are immune to petrification.
You are frail. (-10% HP)


Message History

The cyclops is lightly wounded.
The cyclops hits you but does no damage.
You hit the cyclops.
The cyclops is moderately wounded.
You slice the cyclops!!
The cyclops is severely wounded.
The cyclops closely misses you.
You slash the cyclops!
The cyclops is almost dead.
You kill the cyclops!
B - 6 curare-tipped darts (gained 1)
You see here 4 large rocks.
Search for what [Enter for "shield", or ? for help]? armour Unknown command.
B - 7 curare-tipped darts (gained 1)
Found a stone staircase leading down.
A tengu warrior comes into view. It is wielding a +0 great sword.
The tengu warrior shouts!
You throw a curare-tipped dart.
The curare-tipped dart misses the tengu warrior.
You throw a curare-tipped dart.
The curare-tipped dart closely misses the tengu warrior.
The tengu warrior hits you with a +0 great sword.
The tengu warrior pecks you but does no damage.
The tengu warrior claws you.
You take 7 damage, and have 56/63 hp.
You throw a curare-tipped dart.
The curare-tipped dart closely misses the tengu warrior.
The tengu warrior hits you with a +0 great sword.
The tengu warrior pecks you but does no damage.
The tengu warrior claws you but does no damage.
You take 5 damage, and have 51/63 hp.
You throw a curare-tipped dart.
The curare-tipped dart misses the tengu warrior.
The tengu warrior hits you but does no damage.
The tengu warrior pecks you but does no damage.
The tengu warrior claws you but does no damage.
You throw a curare-tipped dart.
The curare-tipped dart closely misses the tengu warrior.
The tengu warrior hits you but does no damage.
The tengu warrior pecks you but does no damage.
The tengu warrior barely misses you.
You throw a curare-tipped dart.
The curare-tipped dart hits the tengu warrior.
The tengu warrior is poisoned.
The tengu warrior struggles to breathe.
The tengu warrior seems to slow down.
The tengu warrior is lightly wounded.
You block the tengu warrior's attack.
The tengu warrior pecks you but does no damage.
The tengu warrior claws you but does no damage.
You slash the tengu warrior!
The tengu warrior is moderately wounded.
You miss the tengu warrior.
The tengu warrior is moderately wounded.
The tengu warrior hits you with a +0 great sword!
The tengu warrior barely misses you.
The tengu warrior claws you but does no damage.
You take 16 damage, and have 36/63 hp.
MASSIVE DAMAGE!!
You slice the tengu warrior!!
The tengu warrior is heavily wounded.
The tengu warrior hits you with a +0 great sword.
The tengu warrior pecks you but does no damage.
The tengu warrior barely misses you.
You take 1 damage, and have 35/63 hp.
You closely miss the tengu warrior.
The tengu warrior is severely wounded.
You slash the tengu warrior!
The tengu warrior is almost dead.
The tengu warrior hits you but does no damage.
The tengu warrior closely misses you.
The tengu warrior claws you but does no damage.
You hit the tengu warrior but do no damage.
The tengu warrior is almost dead.
The tengu warrior hits you with a +0 great sword!
The tengu warrior pecks you but does no damage.
The tengu warrior claws you.
* * * LOW HITPOINT WARNING * * *
You take 17 damage, and have 18/63 hp.
MASSIVE DAMAGE!!
You miss the tengu warrior.
The tengu warrior is almost dead.
You closely miss the tengu warrior.
The tengu warrior is almost dead.
The tengu warrior is no longer moving slowly.
The tengu warrior slips past you!
The tengu warrior hits you with a +0 great sword!
* * * LOW HITPOINT WARNING * * *
The tengu warrior pecks you but does no damage.
The tengu warrior claws you but does no damage.
You take 11 damage, and have 8/63 hp.
You miss the tengu warrior.
The tengu warrior is almost dead.
The tengu warrior hits you but does no damage.
The tengu warrior closely misses you.
The tengu warrior claws you but does no damage.
Aiming: Corrosive Bolt
Press: ? - help, Shift-Dir - straight line, f/p - tengu warrior
Aim: a tengu warrior, wielding a +0 great sword and wearing a +0 ring mail (almost dead, poisoned, 54% to hit)
The bolt of acid misses the tengu warrior.
The tengu warrior hits you with a +0 great sword!
You die...

#..#...... #..#
#..#.......#..#
#..#..$$)..#..#
#..#..$}$..#..#
#..#..($?..#..#
#..#.......#..#
#..# ......#..#
####.####..#
(.....(@Q..#
..........>#
############


You could see a tengu warrior (poisoned).

Vanquished Creatures
  Erolcha (D:9)
  Erica (D:9)
  A hydra (D:7)
  A centaur warrior (D:8)
  A boulder beetle (D:10)
  A tengu warrior (D:9)
  2 orc high priests (Bailey)
  An orc knight (Bailey)
  Pikel (D:4)
  Maurice (D:8)
  A cyclops (D:11)
  A manticore (D:9)
  3 kobold demonologists
  Jeremiah (D:8)
  3 komodo dragons (D:10)
  A troll (D:10)
  Prince Ribbit (D:8)
  A hornet (D:9)
  A slime creature (D:8)
  3 shadows
  11 yaks
  A wraith (D:7)
  2 wyverns (D:9)
  Eustachio (D:5)
  A basilisk (D:9)
  Grum (D:10)
  4 steam dragons
  Menkaure (D:5)
  2 acid dragons
  A water moccasin (D:10)
  14 orc warriors
  8 black bears
  3 sky beasts
  An ice beast (D:7)
  4 ogres
  The ghost of ezpacito the Chopper, an amateur CoCK of Xom (D:7)
  2 centaurs
  4 wolves (D:10)
  2 phantoms (D:6)
  11 kobold brigands
  7 bullfrogs
  2 gnoll sergeants (D:9)
  4 scorpions
  11 wights
  6 killer bees (D:8)
  A howler monkey (D:8)
  5 electric eels (Bailey)
  3 bombardier beetles
  A jelly (D:6)
  8 orc priests
  2 gnoll boudas
  4 hounds
  2 sleepcaps (D:5)
  9 iguanas
  Natasha (twice) (D:4)
  16 orc wizards
  22 gnolls
  7 adders
  4 shadow imps
  A white imp (D:6)
  12 dart slugs
  A ribbon worm (D:3)
  50 orcs
  7 bats
  5 endoplasms
  4 giant cockroaches
  12 goblins
  22 hobgoblins
  3 jackals
  22 kobolds
  6 quokkas
  6 ball pythons
  3 frilled lizards
  7 rats
379 creatures vanquished.

Vanquished Creatures (others)
  A bullfrog (D:8)
  A killer bee (D:8)
2 creatures vanquished.

Grand Total: 381 creatures vanquished

Notes
Turn   | Place    | Note
-------+----------+-------------------------------------------
     0 | D:1      | backslashecho the Gargoyle Fighter began the quest for the
                  | Orb.
     0 | D:1      | Reached XP level 1. HP: 14/14 MP: 1/1
     5 | D:1      | Got Sif Muna's Vellum of Snow and Destruction
   114 | D:1      | Reached skill level 2 in Axes
   161 | D:1      | Reached XP level 2. HP: 19/19 MP: 2/2
   402 | D:1      | Found Reanuw's Distillery.
   409 | D:1      | Bought a potion of curing for 39 gold pieces
   583 | D:1      | Reached XP level 3. HP: 23/23 MP: 3/3
  1197 | D:2      | Reached XP level 4. HP: 29/29 MP: 4/4
  1222 | D:2      | Found an opulent altar of Gozag.
  1281 | D:2      | Reached skill level 3 in Axes
  1786 | D:3      | Noticed Sigmund
  2116 | D:3      | Reached XP level 5. HP: 33/33 MP: 5/5
  2912 | D:4      | Reached skill level 4 in Axes
  2912 | D:4      | Reached XP level 6. HP: 39/39 MP: 6/6
  2913 | D:4      | Found an ancient bone altar of Kikubaaqudgha.
  3121 | D:4      | Noticed a black bear
  3130 | D:4      | Killed a black bear
  3156 | D:4      | Noticed Natasha
  3168 | D:4      | Reached skill level 5 in Fighting
  3168 | D:4      | Reached skill level 5 in Axes
  3168 | D:4      | Reached skill level 5 in Shields
  3168 | D:4      | Reached XP level 7. HP: 21/44 MP: 7/7
  3299 | D:4      | Killed Natasha
  3517 | D:4      | Noticed Natasha
  3525 | D:4      | Killed Natasha
  3590 | D:5      | Entered Level 5 of the Dungeon
  3590 | D:5      | Noticed Pikel
  3598 | D:4      | Killed Pikel
  3599 | D:4      | Reached skill level 6 in Axes
  3599 | D:4      | Reached XP level 8. HP: 51/51 MP: 8/8
  3602 | D:5      | Found a staircase to the Ecumenical Temple.
  3646 | Temple   | Entered the Ecumenical Temple
  3656 | Temple   | Became a worshipper of Ashenzari the Shackled
  3725 | D:5      | Noticed Menkaure
  3734 | D:5      | Noticed Eustachio
  3738 | D:5      | Killed Menkaure
  3745 | D:5      | Killed Eustachio
  3746 | D:5      | Reached skill level 7 in Axes
  3980 | D:5      | Reached XP level 9. HP: 50/55 MP: 9/9
  4180 | D:5      | Found Veth's Armour Emporium.
  4523 | D:5      | Reached skill level 8 in Axes
  4523 | D:5      | Reached skill level 5 in Armour
  5296 | D:6      | Reached skill level 9 in Axes
  5460 | D:6      | Reached XP level 10. HP: 60/60 MP: 10/10
  5925 | D:7      | Found a transporter.
  5925 | D:7      | Noticed ezpacito's ghost (amateur CoCK)
  5927 | D:7      | Noticed a seven-headed hydra
  5930 | D:7      | Found a transporter.
  6768 | D:8      | Reached skill level 10 in Axes
  6876 | D:8      | Identified the ring of Makhleb's Outrage {rPois rF+ rC+ rN+
                  | SInv}
  7019 | D:8      | Reached skill level 1 in Evocations
  7261 | D:8      | Noticed Jeremiah
  7262 | D:8      | Noticed Prince Ribbit
  7262 | D:8      | Noticed Maurice
  7470 | D:8      | Noticed a kobold demonologist
  7477 | D:8      | Noticed a rust devil
  7482 | D:8      | Killed a kobold demonologist
  7489 | D:8      | Reached skill level 11 in Axes
  7489 | D:8      | Reached XP level 11. HP: 56/64 MP: 11/11
  7509 | D:8      | Killed Jeremiah
  7726 | D:8      | Noticed a centaur warrior
  7750 | D:8      | Killed a centaur warrior
  8061 | D:8      | Killed Prince Ribbit
  8426 | D:8      | Killed Maurice
  8577 | D:9      | Noticed Erolcha
  8674 | D:9      | Reached skill level 9 in Armour
  8842 | D:9      | Noticed Erica
  8856 | D:9      | Killed Erica
  8870 | D:9      | Found a flagged portal.
  8901 | Bailey   | Entered a bailey
  8984 | Bailey   | Noticed an orc high priest
  8992 | Bailey   | Noticed a sixfirhy
  9008 | Bailey   | Gained mutation: You are frail. (-10% HP) [a neqoxec]
  9139 | Bailey   | Noticed a soul eater
  9141 | Bailey   | Killed an orc high priest
  9142 | Bailey   | Reached skill level 12 in Axes
  9595 | Bailey   | Noticed an orc high priest
  9604 | Bailey   | Noticed an orc knight
  9689 | Bailey   | Killed an orc high priest
  9823 | Bailey   | Found an iron altar of Okawaru.
 10046 | Bailey   | Killed an orc knight
 10408 | D:9      | Killed Erolcha
 10409 | D:9      | Reached skill level 5 in Evocations
 10409 | D:9      | Reached XP level 12. HP: 54/63 MP: 12/12
 10561 | D:8      | Acquired 420 gold pieces
 10644 | D:9      | Noticed a tengu warrior
 10670 | D:9      | Acquired the +0 kite shield of Kyddiogirch {Dex+3}
 10713 | D:9      | Killed a tengu warrior
 10834 | D:9      | Reached skill level 13 in Axes
 12036 | D:7      | Killed a one-headed hydra
 12123 | D:7      | Killed ezpacito's ghost
 12226 | D:10     | Entered Level 10 of the Dungeon
 12361 | D:10     | Found a staircase to the Lair.
 12888 | D:10     | Noticed Grum
 12922 | D:10     | Killed Grum
 13194 | D:10     | Found a burning altar of Makhleb.
 13196 | D:10     | Noticed a balrug
 13370 | D:10     | Reached * piety under Ashenzari
 13474 | D:11     | Noticed a boulder beetle
 13598 | D:10     | Killed a boulder beetle
 13649 | D:11     | Noticed a tengu warrior
 13668 | D:11     | Slain by a tengu warrior

Illustrated notes

Levels and vault maps discovered:
D:1:      minmay_arrival_radiant_lines, layout_basic, serial_glass,
          glass_columns_b, glass_columns_b, glass_columns_b, glass_columns_c,
          glass_columns_a, glass_columns_c, serial_shops, shop,
          grunt_decor_arrowhead, chequers_serial_rivers_small_3
D:2:      layout_rooms, basic_altar
D:3:      wad_crossroads, layout_loops_corners, uniq_sigmund
D:4:      kennysheep_slugbush, layout_cave_pools, kiku_gazebo_garden_becter,
          kennysheep_small_square, uniq_natasha
D:5:      minmay_octagon_keep, layout_cave_pools, temple_pool_b, serial_shops,
          shop, nrook_campfire, sigmund_army, uniq_pikel, uniq_menkaure,
          uniq_eustachio
D:6:      minmay_clustersquares, layout_basic
D:7:      black_bear_nest_2, layout_loops_ring, gammafunk_ghost_arena,
          billiards_dpeg
D:8:      minmay_opposing_rooms, layout_gridville, special_room
          [special_room_kobold], uniq_prince_ribbit1, uniq_jeremiah,
          uniq_maurice
D:9:      layout_long_grid, enter_bailey_2, grunt_ministairs_7,
          grunt_tough_drop, uniq_erolcha, uniq_erica
D:10:     layout_stronghold, makhleb_altar_promises_db,
          due_lair_maze_entry_diamond, serial_glass, glass_columns_a,
          glass_columns_a, uniq_grum
D:11:     cheibrodos_elevator_heist, layout_rooms, david_orc_2, uniq_harold,
          uniq_sonja
Temple:   nicolae_temple_bog_church

Skill      XL: |  1  2  3  4  5  6  7  8  9 10 11 12 |
---------------+-------------------------------------+-----
Axes           | 2 3 4 5 6 7 9 11 12 13 | 13.8
Fighting       | 4 5 6 |  6.0
Shields        | 4 5 6 8 |  8.7
Armour         | 4 6 8 9 11 | 11.0
Evocations     | 2 5 6 |  6.5

Action                     |  1- 3 |  4- 6 |  7- 9 | 10-12 || total
---------------------------+-------+-------+-------+-------++-------
  Melee: War axe           |   123 |   164 |   257 |   605 ||  1149
         Broad axe         |       |       |       |   294 ||   294
         Hand axe          |       |       |       |    11 ||    11
  Throw: Dart              |       |       |     4 |    27 ||    31
         Throwing net      |       |       |       |     2 ||     2
 Invoke: Curse Item        |       |       |       |     2 ||     2
  Evoke: Wand              |       |       |       |    16 ||    16
    Use: Scroll            |       |     4 |     2 |    17 ||    23
         Potion            |       |       |       |     8 ||     8
   Stab: Held in net/web   |       |       |       |     2 ||     2
 Armour: Scale mail        |    95 |       |       |       ||    95
         Chain mail        |    16 |   130 |       |       ||   146
         Plate armour      |       |    23 |   216 |   851 ||  1090
  Dodge: Dodged            |    66 |    68 |    77 |   285 ||   496
  Block: Buckler           |    33 |    30 |    85 |   283 ||   431

Table legend: (Time is in decaauts)
 A = Elapsed time spent in this place.
 B = Non-inter-level travel time spent in this place.
 C = Inter-level travel time spent in this place.
 D = Time resting spent in this place.
 E = Time spent auto-exploring this place.
 F = Levels seen in this place.
 G = Mean time per level.
                   A        B        C        D        E       F      G
               +--------+--------+--------+--------+--------+-----+--------+
         Total |  13780 |  12851 |    929 |   2213 |   6362 |  13 | 1060.0 |
       Dungeon |  12372 |  11462 |    910 |   1738 |   6144 |  11 | 1124.7 |
        Temple |     20 |      1 |     19 |      0 |      0 |   1 |   20.0 |
        Bailey |   1387 |   1387 |      0 |    475 |    218 |   1 | 1387.0 |
               +--------+--------+--------+--------+--------+-----+--------+

Top non-repeatable levels by time:
     D:8: 2322 daAuts
     D:9: 1778 daAuts
  Bailey: 1387 daAuts
     D:3: 1260 daAuts
     D:7: 1180 daAuts
    D:10: 1168 daAuts
     D:5: 1122 daAuts
     D:6: 1017 daAuts
     D:1: 944 daAuts
     D:4: 774 daAuts
     D:2: 735 daAuts
    D:11: 67 daAuts
  Temple: 20 daAuts
